 Dungeon Crawl Stone Soup version 0.29-a0-474-gdfe5cd140f (webtiles) character file.

Game seed: 16367569324620417528

5494 Bruhh the Fighter (level 10, -2/93 HPs)
             Began as a White Draconian Transmuter on May 23, 2022.
             Was an Elder of Okawaru.
             Slain by a wyvern (8 damage)
             ... on level 8 of the Dungeon.
             The game lasted 00:15:09 (12929 turns).

Bruhh the Fighter (White Draconian Transmuter)     Turns: 12929, Time: 00:15:10

Health: -2/93      AC:  7    Str: 13    XL:     10   Next: 42%
Magic:  17/17      EV: 12    Int: 17    God:    Okawaru [****..]
Gold:   570        SH:  0    Dex: 12    Spells: 11/19 levels left

rFire   x . .      SeeInvis .     - Unarmed
rCold   + + .      Faith    .   (no shield)
rNeg    . . .      Spirit   .   (body armour unavailable)
rPois   .          Reflect  .   (helmet restricted)
rElec   .          Harm     .   (no cloak)
rCorr   +          Rampage  .   (no gloves)
Will    .....                   (no boots)
Stlth   +.........              (no amulet)
HPRegen 0.25/turn               y - ring of ice
MPRegen 0.15/turn               m - ring of resist corrosion

@: about to teleport, invisible
A: breathe frost, AC +7, unfitting armour, cold resistance 1, cold-blooded
a: Breathe Frost, Renounce Religion, Heroism, Finesse


You were on level 8 of the Dungeon.
You worshipped Okawaru.
Okawaru was greatly pleased with you.
You visited 2 branches of the dungeon, and saw 9 of its levels.

You collected 570 gold pieces.

Inventory:

Hand Weapons
 d - a +0 dagger of venom
Missiles
 g - 2 curare-tipped darts
Jewellery
 m - a ring of resist corrosion (right hand)
 y - a ring of ice (left hand)
 B - a +4 ring of protection
 H - a +4 ring of protection
Wands
 q - a wand of flame (30)
 E - a wand of iceblast (9)
 G - a wand of polymorph (3)
Scrolls
 c - 4 scrolls of enchant armour
 e - 2 scrolls of noise
 h - a scroll of brand weapon
 i - 6 scrolls of blinking
 r - a scroll of fog
 t - a scroll of enchant weapon {unknown}
 v - a scroll of amnesia {unknown}
 x - 2 scrolls of poison {unknown}
 C - a scroll of magic mapping {unknown}
 F - a scroll of torment {unknown}
Potions
 a - a potion of magic
 b - a potion of haste {unknown}
 f - 2 potions of attraction
 k - a potion of resistance {unknown}
 l - a potion of invisibility
 n - a potion of might
 o - 2 potions of mutation
 s - a potion of heal wounds {unknown}
 u - 2 potions of degeneration {unknown}
 w - a potion of cancellation {unknown}
 z - a potion of ambrosia {unknown}
 A - a potion of flight {unknown}
 D - a potion of berserk rage {unknown}


   Skills:
 - Level 10.0 Fighting
 - Level 1.7 Dodging
 - Level 10.0 Unarmed Combat
 - Level 5.0 Spellcasting
 + Level 5.5 Transmutations
 + Level 5.3 Ice Magic


You had 11 spell levels left.
You knew the following spells:

 Your Spells              Type           Power      Damage    Failure   Level
a - Beastly Appendage     Tmut           46%        N/A       1%          1
b - Spider Form           Tmut/Pois      13%        N/A       14%         3
c - Ice Form              Ice/Tmut       34%        N/A       16%         4

Your spell library contained the following spells:

 Spells                   Type           Power      Damage    Failure   Level
 Freeze                   Ice            100%       1d11      1%          1
 Wereblood                Tmut           23%        N/A       2%          2
 Frozen Ramparts          Ice            66%        1d8       4%          3
 Magic Dart               Conj           16%        1d3       14%         1
 Searing Ray              Conj           8%         2d4       22%         2
 Sublimation of Blood     Necr           4%         N/A       22%         2
 Petrify                  Tmut/Erth      13%        N/A       41%         4
 Hailstorm                Conj/Ice       19%        3d6       43%         4
 Irradiate                Conj/Tmut      6%         3d15      77%         5
 Fulminant Prism          Conj/Hex       2%         3d6       80%         4
 Summon Small Mammal      Summ           Unusable   N/A       N/A         1
 Call Canine Familiar     Summ           Unusable   N/A       N/A         3
 Summon Guardian Golem    Hex/Summ       Unusable   N/A       N/A         3

Dungeon Overview and Level Annotations

Branches:
Dungeon (8/15)             Temple (1/1) D:5
   Lair: D:8-11

Altars:
Ashenzari
Cheibriados
Dithmenos
Elyvilon
Fedhas
Gozag
Hepliaklqana
Kikubaaqudgha
Makhleb
Nemelex Xobeh
Okawaru
Qazlal
Ru
Sif Muna
Trog
Uskayaw
Vehumet
Wu Jian
Xom
Yredelemnul
Zin
The Shining One

Shops:
D:4 ?   D:7 *

Annotations:
D:3 1 runed translucent door, Crazy Yiuf


Innate Abilities, Weirdness & Mutations

You can breathe waves of freezing cold which knock back foes.
Your icy white scales are hard. (AC +7)
You cannot fit into any form of body armour.
Your flesh is cold resistant. (rC+)
You are cold-blooded and may be slowed by cold attacks.


Message History

You hit the iguana.
The iguana is heavily wounded.
You barely miss the iguana. You punch the iguana!
You kill the iguana!
Okawaru accepts your kill.
You hit the jelly.
Your hands burn!
* * * LOW HITPOINT WARNING * * *
You tail-slap the jelly. You punch the jelly, but do no damage.
The jelly is moderately wounded.
The jelly misses you.
You hit the jelly.
Your hands burn!
* * * LOW HITPOINT WARNING * * *
You punch the jelly!
You kill the jelly!
Okawaru accepts your kill. The wyvern bites you.
* * * LOW HITPOINT WARNING * * *
You hit the wyvern but do no damage. You tail-slap the wyvern.
The wyvern is lightly wounded.
The wyvern hisses menacingly.
The wyvern barely misses you.
You barely miss the wyvern. You tail-slap the wyvern.
The wyvern is lightly wounded.
The wyvern bites you!
* * * LOW HITPOINT WARNING * * *
As you read the scroll of fog, it crumbles to dust.
The scroll dissolves into smoke.
The wyvern barely misses you.
Blink to where?
Press: ? - help, Dir - move target You can't see that place. [the floor.]
Okay, then.
It was a potion of invisibility.
You fade into invisibility!
The wyvern barely misses you. x2
As you read the scroll of teleportation, it crumbles to dust.
You feel strangely unstable. The wyvern bites you.
* * * LOW HITPOINT WARNING * * *
The wyvern bites you!
You die...

..⌠.....# ....
........## ...
.........# ...
.......#.# #h.
.....###.# #h#
.†.###...# #§#
.###......# #h# ##
##........## #l##.#
...........# #@#.#
#..........#####§§##
#.....⌠.....#..§§#§#
##..........###...#.#
.#.................##
.##........####...##
..#......### ##.##
..##...### #.#
.....### #.#


You could see a black bear (can't see you) and a wyvern (can't see you).

Vanquished Creatures
  Pikel (D:6)
  Maggie (D:8)
  A hornet (D:7)
  2 wyverns
  A yak (D:8)
  2 steam dragons
  6 water moccasins
  A sky beast (D:7)
  2 ice beasts
  3 orc warriors
  4 black bears
  5 ogres
  2 centaurs (D:6)
  2 phantoms (D:4)
  A lemure (D:6)
  2 kobold brigands (D:6)
  A gnoll sergeant (D:6)
  4 killer bees (D:7)
  3 howler monkeys
  3 orc priests
  5 hounds
  4 jellies
  A gnoll shaman (D:4)
  Natasha (thrice) (D:2)
  3 iguanas
  7 orc wizards
  8 adders
  12 gnolls
  A white imp (D:7)
  2 ufetubi
  A worm (D:3)
  4 dart slugs
  25 orcs
  5 ball pythons
  7 endoplasms
  3 giant cockroaches
  4 goblins
  16 hobgoblins
  10 jackals
  5 quokkas
  3 bats
  A frilled lizard (D:3)
  20 kobolds
  5 rats
202 creatures vanquished.

Vanquished Creatures (others)
  A fungus (D:8)
  50 plants
51 creatures vanquished.

Grand Total: 253 creatures vanquished

Notes
Turn   | Place    | Note
-------+----------+-------------------------------------------
     0 | D:1      | Bruhh the Draconian Transmuter began the quest for the Orb.
     0 | D:1      | Reached XP level 1. HP: 16/16 MP: 3/3
   418 | D:1      | Reached XP level 2. HP: 23/23 MP: 3/5
  1603 | D:2      | Reached XP level 3. HP: 29/29 MP: 4/6
  1838 | D:2      | Noticed Natasha
  1848 | D:2      | Killed Natasha
  1849 | D:2      | Reached XP level 4. HP: 31/36 MP: 5/8
  1980 | D:2      | Noticed Natasha
  1991 | D:2      | Killed Natasha
  2165 | D:2      | Noticed Natasha
  2173 | D:2      | Killed Natasha
  2327 | D:2      | Found an ornate altar of the Wu Jian Council.
  2729 | D:3      | Reached XP level 5. HP: 22/42 MP: 9/9
  3372 | D:3      | Found a runed translucent door.
  3373 | D:3      | Noticed Crazy Yiuf
  4291 | D:4      | Noticed a phantom
  4330 | D:4      | Killed a phantom
  4331 | D:4      | Reached XP level 6. HP: 34/52 MP: 11/11
  5099 | D:4      | Identified the +5 whip of Hujazoh {vorpal, +Blink rElec
                  | Int+2 Stlth-}
  5115 | D:4      | Found Pyemim's Magic Scroll Shoppe.
  5372 | D:4      | Reached skill level 5 in Unarmed Combat
  5380 | D:4      | Your scales start taking on an icy white colour.
  5380 | D:4      | Reached XP level 7. HP: 34/60 MP: 13/13
  5380 | D:4      | Gained mutation: Your flesh is cold resistant. (rC+) [White
                  | Draconian growth]
  5849 | D:5      | Entered Level 5 of the Dungeon
  6137 | D:5      | Reached skill level 5 in Fighting
  6152 | D:5      | Learned a level 3 spell: Spider Form
  6472 | D:5      | Reached skill level 5 in Spellcasting
  6551 | D:5      | Found a staircase to the Ecumenical Temple.
  6651 | Temple   | Entered the Ecumenical Temple
  6840 | Temple   | Became a worshipper of Warmaster Okawaru
  7040 | D:5      | Reached XP level 8. HP: 48/70 MP: 11/15
  7799 | D:6      | Noticed Pikel
  7816 | D:6      | Killed Pikel
  7816 | D:6      | Reached * piety under Okawaru
  8667 | D:6      | Reached XP level 9. HP: 65/81 MP: 12/16
  9368 | D:6      | Reached ** piety under Okawaru
 10595 | D:7      | Reached *** piety under Okawaru
 10693 | D:7      | Paralysed by a hornet for 3 turns
 10698 | D:7      | Paralysed by a hornet for 2 turns
 10702 | D:7      | Reached skill level 10 in Fighting
 11443 | D:7      | Reached skill level 10 in Unarmed Combat
 11448 | D:7      | Learned a level 4 spell: Ice Form
 11584 | D:7      | Reached skill level 1 in Ice Magic
 11780 | D:7      | Reached XP level 10. HP: 64/93 MP: 12/17
 12381 | D:7      | Found Qajal's Serpentskin Sales.
 12579 | D:8      | Noticed Maggie
 12590 | D:8      | Killed Maggie
 12782 | D:8      | Reached **** piety under Okawaru
 12893 | D:8      | Reached skill level 5 in Transmutations
 12913 | D:8      | Reached skill level 5 in Ice Magic
 12929 | D:8      | Slain by a wyvern

Illustrated notes

Levels and vault maps discovered:
D:1:      dpeg_arrival_boxes_within_box, layout_basic, minmay_misc_feat_tiny
D:2:      layout_loops_ring, basic_altar, uniq_natasha
D:3:      cheibrodos_helix_gallery, layout_loops_ring, kennysheep_small_spiral,
          kennysheep_boxes, uniq_crazy_yiuf_cottage
D:4:      layout_basic, serial_shops, nicolae_square_shop
D:5:      layout_cave_pods, minmay_temple_entry_enclosed_plants,
          kennysheep_generic_room_12
D:6:      kennysheep_housing_project, layout_loops_corners, uniq_pikel
D:7:      layout_basic, guppyfry_shop_venom
D:8:      minmay_skewed_foursquare, layout_loops_corners,
          minmay_lair_entry_grove, uniq_maggie
Temple:   mainiacjoe_temple_starburst

Skill      XL: |  1  2  3  4  5  6  7  8  9 10 |
---------------+-------------------------------+-----
Fighting       | 2 3 4 5 8 10 | 10.0
Spellcasting   | 3 4 5 |  5.0
Transmutations | 3 5 |  5.5
Unarmed Combat | 4 5 6 7 10 | 10.0
Ice Magic      | 1 5 |  5.3
Dodging        | |  1.7

Action                   |  1- 3 |  4- 6 |  7- 9 | 10-12 || total
-------------------------+-------+-------+-------+-------++-------
Melee: Unarmed           |    42 |    67 |   322 |    99 ||   530
       Tailslap          |     6 |    28 |    22 |     5 ||    61
       Headbutt          |     7 |    16 |     4 |       ||    27
       Kick              |    10 |    25 |    15 |       ||    50
       Dagger            |    42 |   156 |       |       ||   198
       Punch             |     2 |     9 |     3 |     4 ||    18
 Cast: Beastly Appendage |    13 |    17 |     8 |       ||    38
       Spider Form       |       |       |    42 |    10 ||    52
Invok: Heroism           |       |       |       |     1 ||     1
 Abil: Breathe Frost     |       |       |     2 |       ||     2
  Use: Potion            |       |     1 |     8 |     2 ||    11
       Scroll            |       |       |     9 |     2 ||    11
 Stab: Sleeping          |     2 |     1 |       |       ||     3
Armor: Skin              |    18 |    61 |    56 |    13 ||   148
Dodge: Dodged            |    42 |   108 |   274 |    52 ||   476

Table legend: (Time is in decaauts)
 A = Elapsed time spent in this place.
 B = Non-inter-level travel time spent in this place.
 C = Inter-level travel time spent in this place.
 D = Time resting spent in this place.
 E = Time spent auto-exploring this place.
 F = Levels seen in this place.
 G = Mean time per level.
                   A        B        C        D        E       F      G
               +--------+--------+--------+--------+--------+-----+--------+
         Total |  12892 |  12511 |    381 |    590 |  10249 |   9 | 1432.4 |
       Dungeon |  12644 |  12321 |    323 |    590 |  10075 |   8 | 1580.5 |
        Temple |    248 |    190 |     58 |      0 |    174 |   1 |  248.0 |
               +--------+--------+--------+--------+--------+-----+--------+

Top non-repeatable levels by time:
     D:6: 2599 daAuts
     D:7: 2093 daAuts
     D:3: 1989 daAuts
     D:5: 1635 daAuts
     D:1: 1560 daAuts
     D:2: 1166 daAuts
     D:4: 1155 daAuts
     D:8: 444 daAuts
  Temple: 248 daAuts
